 Dungeon Crawl Stone Soup version 0.30-a0-739-gea05faddec (webtiles) character file.

Game seed: 4552971214931011416

31 jimonade the Ducker (level 3, 0/28 HPs)
             Began as a Djinni Gladiator on Feb 4, 2023.
             Slain by Terence
             ... wielding a +0 trident
              (8 damage)
             ... on level 2 of the Dungeon.
             The game lasted 00:02:13 (1296 turns).

jimonade the Ducker (Djinni Gladiator)              Turns: 1296, Time: 00:02:14

Health: 0/28       AC:  6    Str: 13    XL:     3   Next: 40%
Gold:   80         EV: 11    Int: 11    God:
                   SH:  0    Dex: 14

rFire   + + .      SeeInvis .    a - +2 dagger (holy)
rCold   x . .      Faith    .    (no shield)
rNeg    . . .      Spirit   .    p - +0 ring mail
rPois   ∞          Reflect  .    c - +0 helmet
rElec   .          Harm     .    (no cloak)
rCorr   .          Rampage  .    (no gloves)
Will    .....                    (boots unavailable)
Stlth   +                        r - amulet of regeneration
HPRegen 1.04/turn                (no ring)
MPRegen 0.00/turn                (no ring)

@: flying
A: sickness immunity, fire resistance 2, cold vulnerability 1, float, innate
caster, HP casting, extra vitality 1
a: no special abilities


You were on level 2 of the Dungeon.
You visited 1 branch of the dungeon, and saw 2 of its levels.

You collected 80 gold pieces.

Inventory:

Hand Weapons
 a - a +2 dagger of holy wrath (weapon)
 i - a +0 rapier
 z - a +0 sling
Missiles
 d - 2 throwing nets (quivered)
 e - a javelin
 u - 6 boomerangs
 v - 6 stones
Armour
 b - a +0 leather armour
 c - a +0 helmet (worn)
 p - a +0 ring mail (worn)
Jewellery
 r - an amulet of regeneration (around neck)
Scrolls
 g - a scroll of vulnerability {unknown}
 k - 2 scrolls of teleportation {unknown}
 m - a scroll of brand weapon {unknown}
 n - 3 scrolls of identify {unknown}
 o - 2 scrolls of amnesia {unknown}
 q - a scroll of summoning {unknown}
 t - a scroll of blinking {unknown}
 x - a scroll of acquirement {unknown}
 y - a scroll of silence {unknown}
Potions
 f - a potion of curing {unknown}
 h - a potion of resistance {unknown}
 j - 2 potions of attraction {unknown}
 l - a potion of magic {unknown}
 s - a potion of heal wounds {unknown}
 w - a potion of brilliance {unknown}


   Skills:
 + Level 2.2 Fighting
 * Level 3.4 Short Blades
 - Level 1.5 Throwing
 + Level 0.1 Armour
 + Level 3.6 Dodging


You had one spell level left.
You knew the following spells:

 Your Spells              Type           Power      Damage    Failure   Level
a - Shock                 Conj/Air       0%         1d3       61%         1
Your spell library was empty.

Dungeon Overview and Level Annotations

Branches:
Dungeon (2/15)

Altars:

Annotations:
D:2 Terence


Innate Abilities, Weirdness & Mutations

You are immune to sickness and miasma.
You are immune to poison.
Your flesh is very heat resistant. (rF++)
You are vulnerable to cold. (rC-)
You float through the air rather than walking.
You learn spells naturally, not from books.
Your magical power is your life essence.
You have superior vitality. (+4 MHP)


Message History

You hit Terence but do no damage.
Terence is severely wounded.
Terence shouts, "Now you die!" Terence hits you but does no damage.
You hit Terence but do no damage.
Terence is severely wounded.
Terence hits you with a +0 trident.
You hit Terence.
Terence is severely wounded.
Terence misses you.
You hit Terence.
Terence is almost dead.
You hit Terence but do no damage.
Terence is almost dead.
Terence hits you with a +0 trident.
You closely miss Terence.
Terence is almost dead.
Terence hits you with a +0 trident.
You barely miss Terence.
Terence is almost dead.
Terence hits you but does no damage.
You hit Terence but do no damage.
Terence is almost dead.
Terence hits you but does no damage.
You hit Terence.
Terence is almost dead.
Terence hits you with a +0 trident!
* * * LOW HITPOINT WARNING * * *
You hit Terence but do no damage.
Terence is almost dead.
Terence barely misses you.
You barely miss Terence.
Terence is almost dead.
You barely miss Terence.
Terence is almost dead.
Terence barely misses you.
You hit Terence but do no damage.
Terence is almost dead.
Terence hits you with a +0 trident!
You die...

###### # ....#
#.######...###
###............#
#..............#
###.#.###.<@.)...#
#...#.###.##@..#.#
#.#....##.#......#
#...#).##.#.#.#..##
#######..#..##.........# #
............##...#..###...
# ####...#.........## .###
##. #..###.##....<# ...
..# #..# #.###.##.## ##.#
#.#


You could see Terence.

Vanquished Creatures
  An adder (D:2)
  2 ball pythons (D:1)
  2 endoplasms (D:1)
  A giant cockroach (D:2)
  3 goblins
  2 hobgoblins (D:1)
  2 quokkas (D:2)
  3 bats
  4 kobolds (D:1)
  A rat (D:1)
21 creatures vanquished.

Notes
Turn   | Place    | Note
-------+----------+-------------------------------------------
     0 | D:1      | jimonade the Djinni Gladiator began the quest for the Orb.
     0 | D:1      | Reached XP level 1. HP: 18/18 MP: 0/0
   386 | D:1      | Reached XP level 2. HP: 20/23 MP: 0/0
  1090 | D:2      | Reached XP level 3. HP: 28/28 MP: 0/0
  1090 | D:2      | Learned a level 1 spell: Shock
  1170 | D:2      | Noticed Terence
  1296 | D:2      | Slain by Terence

Illustrated notes

Levels and vault maps discovered:
D:1:      grunt_arrival_lava_bath, layout_basic
D:2:      layout_loops_ring, ebering_ecumenical_altar_box, uniq_terence

Skill      XL: |  1  2 |
---------------+-------+-----
Short Blades   | 3 |  3.4
Fighting       | |  2.2
Throwing       | |  1.5
Armour         | |  0.1
Dodging        | |  3.6

Action                     || total
---------------------------++-------
  Melee: Dagger            ||    95
         Rapier            ||     3
         Punch             ||     2
  Throw: Throwing net      ||     1
   Stab: Sleeping          ||     1
         Held in net/web   ||     1
 Armour: Leather armour    ||     6
         Ring mail         ||    27
  Dodge: Dodged            ||    41

Table legend: (Time is in decaauts)
 A = Elapsed time spent in this place.
 B = Non-inter-level travel time spent in this place.
 C = Inter-level travel time spent in this place.
 D = Time resting spent in this place.
 E = Time spent auto-exploring this place.
 F = Levels seen in this place.
 G = Mean time per level.
                   A        B        C        D        E       F      G
               +--------+--------+--------+--------+--------+-----+--------+
         Total |   1282 |   1080 |    202 |      0 |    820 |   2 |  641.0 |
       Dungeon |   1282 |   1080 |    202 |      0 |    820 |   2 |  641.0 |
               +--------+--------+--------+--------+--------+-----+--------+

Top non-repeatable levels by time:
     D:1: 1116 daAuts
     D:2: 166 daAuts
